 Dungeon Crawl Stone Soup version 0.27-a0-1501-g9d6fb14e67 (webtiles) character file.

Game seed: 9020078792206618076

5525 Lekart the Carver (level 10, -4/86 HPs)
             Began as a Green Draconian Chaos Knight on July 7, 2021.
             Was a Plaything of Xom.
             Slain by a hellwing (8 damage)
             ... on level 9 of the Dungeon.
             The game lasted 00:19:56 (8448 turns).

Lekart the Carver (Green Draconian Chaos Knight)    Turns: 8448, Time: 00:19:57

Health: -4/86      AC:  7    Str: 14    XL:     10   Next: 43%
Magic:  20/20      EV: 14    Int: 13    God:    Xom [...*..]
Gold:   483        SH:  0    Dex: 14    Spells: 16/20 levels left

rFire    . . .     SeeInvis .   a - +3 falchion (flame)
rCold    . . .     Faith    .   (no shield)
rNeg     . . .     Spirit   .   (armour unavailable)
rPois    +         Reflect  .   (helmet restricted)
rElec    .         Harm     .   (no cloak)
rCorr    .         Rampage  .   (no gloves)
Will     .....                  (no boots)
Stlth    +.........             c - amulet of regeneration
HPRegen  1.24/turn              (no ring)
MPRegen  0.17/turn              (no ring)

@: no status effects
A: breathe noxious fumes, AC +7, unfitting armour, poison resistance,
cold-blooded, horns 1, high mp 1, mutation resistance 2, screaming 1, subdued
magic 1
a: Breathe Noxious Fumes, Renounce Religion


You were on level 9 of the Dungeon.
You worshipped Xom.
You were a favourite toy of Xom.
You visited 1 branch of the dungeon, and saw 9 of its levels.
You also visited: Sewer, Ossuary and Bailey.

You collected 483 gold pieces.

Inventory:

Hand Weapons
 a - a +3 falchion of flaming (weapon)
 u - a +0 arbalest
Missiles
 m - 8 atropa-tipped darts
 p - 5 datura-tipped darts (quivered)
 v - 182 bolts
Jewellery
 c - an amulet of regeneration (around neck)
 e - an amulet of magic regeneration
 r - a ring of protection from fire
Wands
 d - a wand of charming (6)
 f - a wand of flame (8)
 q - a wand of iceblast (14)
Scrolls
 b - a scroll of teleportation
 i - 3 scrolls of magic mapping
 k - a scroll of fear
 l - a scroll of fog
 o - 2 scrolls of enchant armour
Potions
 h - a potion of brilliance
 j - 4 potions of curing
 n - a potion of haste
 s - a potion of lignification {unknown}
 t - a potion of experience {unknown}


   Skills:
 + Level 7.0 Fighting
 + Level 8.8 Long Blades
 + Level 1.3 Throwing
 + Level 5.7 Dodging
 * Level 5.6 Spellcasting
 * Level 5.6 Transmutations
 * Level 5.6 Earth Magic
 + Level 0.6 Evocations


You had 16 spell levels left.
You knew the following spells:

 Your Spells              Type           Power      Damage    Failure   Level
a - Passwall              Tmut/Erth      11%        N/A       1%          2
b - Wereblood             Tmut           14%        N/A       1%          2

Your spell library contained the following spells:

 Spells                   Type           Power      Damage    Failure   Level
 Animate Skeleton         Necr           4%         N/A       16%         1
 Apportation              Tloc           4%         N/A       16%         1
 Corona                   Hex            2%         N/A       16%         1
 Pain                     Necr           8%         1d4       16%         1
 Summon Small Mammal      Summ           8%         N/A       16%         1
 Ensorcelled Hibernation  Hex/Ice        4%         N/A       22%         2
 Slow                     Hex            2%         N/A       22%         2
 Sublimation of Blood     Necr           1%         N/A       22%         2
 Confusing Touch          Hex            2%         N/A       43%         3
 Swiftness                Air            2%         N/A       43%         3
 Tukima's Dance           Hex            2%         N/A       43%         3
 Vampiric Draining        Necr           1%         2d6       43%         3
 Yara's Violent Unravell  Hex/Tmut       4%         3d4       80%         5
 Olgreb's Toxic Radiance  Pois           2%         N/A       85%         4
 Bolt of Magma            Conj/Fire/Erth 3%         4d5       90%         5
 Freezing Cloud           Conj/Ice/Air   1%         6-21      99%         5
 Conjure Ball Lightning   Conj/Air       1%         3x3d6     100%        6
 Invisibility             Hex            1%         N/A       100%        6
 Ozocubu's Refrigeration  Ice            1%         4d5       100%        7
 Summon Hydra             Summ           1%         N/A       100%        7
 Ignition                 Fire           1%         3d3       100%        8


Dungeon Overview and Level Annotations

Branches:
Dungeon (9/15)             Temple (0/1) D:4           Sewer (visited)
Ossuary (visited)          Bailey (visited)
   Lair: D:8-11         Orc: D:9-12

Altars:
Ashenzari
Dithmenos
Okawaru
Vehumet
Xom

Shops:
D:1 [*(   D:4 :

Annotations:
D:8 4 runed translucent doors


Innate Abilities, Weirdness & Mutations

You can breathe blasts of noxious fumes.
Your lurid green scales are hard. (AC +7)
You cannot fit into any form of body armour.
Your system is resistant to poisons. (rPois)
You are cold-blooded and may be slowed by cold attacks.
You have a pair of small horns on your head.
You have an increased reservoir of magic. (+10% MP)
You are somewhat resistant to both further mutation and mutation removal.
You occasionally shout uncontrollably at your foes.
Your spells are a little easier to cast, but a little less powerful.


Message History

The hellwing barely misses you. The centaur warrior skeleton hits you.
* * * LOW HITPOINT WARNING * * *
The centaur warrior skeleton kicks you but does no damage.
Okay, then.
Your ufetubus hits the centaur warrior skeleton. x2
The redback zombie closely misses your ufetubus.
The hellwing hits you.
* * * LOW HITPOINT WARNING * * *
The hellwing closely misses you.
The centaur warrior skeleton closely misses your ufetubus.
The centaur warrior skeleton kicks your ufetubus.
Your ufetubus dies!
The hellwing hits you but does no damage. x2
The centaur warrior skeleton hits you.
* * * LOW HITPOINT WARNING * * *
The centaur warrior skeleton barely misses you.
The centaur warrior skeleton hits you but does no damage.
The centaur warrior skeleton kicks you but does no damage.
The hellwing hits you but does no damage.
The hellwing closely misses you.
The centaur warrior skeleton hits you but does no damage.
The centaur warrior skeleton completely misses you.
The hellwing hits you.
* * * LOW HITPOINT WARNING * * *
The hellwing barely misses you.
The centaur warrior skeleton misses you.
The centaur warrior skeleton kicks you but does no damage.
Your surroundings seem slightly different.
The hellwing swoops through the air toward you!
The hellwing misses you.
You riposte.
You hit the hellwing but do no damage.
You headbutt the hellwing, but do no damage.
You tail-slap the hellwing, but do no damage.
The hellwing hits you.
* * * LOW HITPOINT WARNING * * *
The hellwing swoops through the air toward you!
The hellwing hits you.
* * * LOW HITPOINT WARNING * * *
The hellwing hits you!
You die...
Xom snickers!

######### ##......Z##
##.4.Z..4Z.##
#.4@#####Z..#
**#...#†††#Z..#
#####*******,+...#†††#Z.[#
..$..,,,,,,,,#...#†††#...#
.....,,,,,,,,#...#####...#
.....,,,,,,,,##.........##
.....,,,,,,,,*##.......##
.....,,,,,,,,**#########
.....,,,,,,,,,,,,,,,*


You could see 3 hellwings, a redback zombie and 5 centaur warrior skeletons.

Vanquished Creatures
  A two-headed ogre (D:8)
  Pikel (D:8)
  Sigmund (D:3)
  Menkaure (D:5)
  4 water moccasins
  3 ice beasts
  10 orc warriors
  3 black bears
  3 centaurs
  A kobold brigand (D:8)
  A bullfrog (D:7)
  A scorpion (D:6)
  A water moccasin zombie (D:7)
  A water moccasin skeleton (D:5)
  6 killer bees (D:6)
  2 howler monkeys
  A centaur zombie (D:4)
  5 hounds
  3 bullfrog zombies
  A jelly (D:5)
  A human zombie (Ossuary)
  3 orc priests
  2 bullfrog skeletons
  3 centaur skeletons
  An iguana (D:5)
  10 orc wizards
  A killer bee zombie (D:8)
  A hound skeleton (D:5)
  4 mummies
  A howler monkey zombie (D:9)
  6 adders
  A shadow imp (D:7)
  An ufetubus (D:6)
  5 worms
  The ghost of fly the Sneak, a weakling HuDe (D:5)
  A dart slug (D:2)
  57 orcs
  3 ball pythons
  2 bats
  9 endoplasms
  5 giant cockroaches
  9 goblins
  12 hobgoblins
  5 jackals
  10 kobolds
  8 quokkas
  2 frilled lizards (D:2)
  3 goblin zombies (Ossuary)
  A hobgoblin zombie (Ossuary)
  4 kobold zombies
  An orc zombie (D:4)
  6 rats
229 creatures vanquished.

Vanquished Creatures (collateral kills)
  An orc knight (Bailey)
  An orc warrior (Bailey)
  An orc (Bailey)
3 creatures vanquished.

Vanquished Creatures (others)
  A wraith (Ossuary)
  4 orcs
5 creatures vanquished.

Grand Total: 237 creatures vanquished

Notes
Turn   | Place    | Note
-------+----------+-------------------------------------------
     0 | D:1      | Lekart the Draconian Chaos Knight began the quest for the
                  | Orb.
     0 | D:1      | Reached XP level 1. HP: 19/19 MP: 1/1
    16 | D:1      | Found Mannaifi's Assorted Antiques.
   215 | D:1      | Found Epim's Antique Armour Emporium.
   215 | D:1      | XOM: 3-stop teleportation journey
   488 | D:1      | Reached XP level 2. HP: 26/26 MP: 2/2
   585 | D:1      | Found Fulev's Antique Weapon Emporium.
   649 | D:1      | XOM: silly message
   784 | D:1      | XOM is BORED!
   864 | D:2      | XOM: noise
   883 | D:2      | Reached XP level 3. HP: 20/33 MP: 4/4
   905 | D:2      | XOM: cloud trail
   916 | D:2      | You fall into a shaft and drop 2 floors!
   916 | D:4      | Found a broken altar of Ashenzari.
   932 | D:3      | Reached skill level 1 in Spellcasting
   946 | D:3      | Noticed Sigmund
   946 | D:3      | XOM: 1-stop teleportation journey
   959 | D:3      | XOM: fog
   976 | D:3      | XOM: cleaving
  1052 | D:3      | XOM: give mutations
  1052 | D:3      | Gained mutation: You are somewhat resistant to further
                  | mutation. [Xom's grace]
  1052 | D:3      | Gained mutation: You have an increased reservoir of magic.
                  | (+10% MP) [Xom's grace]
  1052 | D:3      | Gained mutation: You are somewhat resistant to both further
                  | mutation and mutation removal. [Xom's grace]
  1052 | D:3      | Gained mutation: Your tail ends in a poisonous barb. [Xom's
                  | grace]
  1134 | D:3      | Found an iron altar of Okawaru.
  1157 | D:3      | Reached XP level 4. HP: 40/40 MP: 6/6
  1164 | D:3      | Found a glowing drain.
  1174 | Sewer    | Entered a sewer
  1230 | Sewer    | Noticed a water moccasin
  1236 | Sewer    | XOM: god gift: wand of charming (11)
  1258 | Sewer    | Killed a water moccasin
  1259 | Sewer    | Reached skill level 4 in Long Blades
  1259 | Sewer    | Reached XP level 5. HP: 20/46 MP: 6/8
  1293 | Sewer    | XOM: scenery: create altars
  1311 | Sewer    | Learned a level 2 spell: Passwall
  1379 | D:4      | Found a sand-covered staircase.
  1389 | Ossuary  | Entered an ossuary
  1389 | Ossuary  | Noticed a wraith
  1389 | Ossuary  | Noticed a wraith
  1389 | Ossuary  | Noticed a wraith
  1482 | Ossuary  | XOM: give mutations
  1482 | Ossuary  | Gained mutation: You are agile. (Dex +2) [Xom's grace]
  1482 | Ossuary  | Gained mutation: You have sharp toenails. [Xom's grace]
  1538 | Ossuary  | XOM: cloud trail
  1875 | Ossuary  | XOM: enchant monster (bad)
  1972 | Ossuary  | Noticed a wraith
  1974 | Ossuary  | Killed a wraith
  1974 | Ossuary  | XOM: divine lightning
  1975 | Ossuary  | Reached skill level 1 in Transmutations
  1975 | Ossuary  | Reached XP level 6. HP: 51/53 MP: 10/10
  2027 | D:4      | Reached skill level 1 in Earth Magic
  2124 | D:3      | XOM: blink monster(s)
  2134 | D:3      | XOM: scenery: summon butterflies
  2229 | D:2      | Found a faded altar of an unknown god.
  2603 | D:3      | Killed Sigmund
  2604 | D:3      | Reached skill level 5 in Long Blades
  2604 | D:3      | Your scales start taking on a lurid green colour.
  2604 | D:3      | Reached XP level 7. HP: 55/60 MP: 11/11
  2604 | D:3      | Gained mutation: Your system is resistant to poisons.
                  | (rPois) [Green Draconian growth]
  3082 | D:4      | Found Viacyeq's Self-Improvement Boutique.
  3430 | D:4      | Found a staircase to the Ecumenical Temple.
  3725 | D:5      | Entered Level 5 of the Dungeon
  3796 | D:5      | Noticed Menkaure
  3800 | D:5      | Killed Menkaure
  3801 | D:5      | Reached skill level 6 in Long Blades
  3884 | D:5      | Reached XP level 8. HP: 51/67 MP: 14/14
  3916 | D:5      | Found a shimmering altar of Xom.
  3925 | D:5      | Found a radiant altar of Vehumet.
  4025 | D:5      | Found a runed translucent door.
  4049 | D:5      | Found a runed translucent door.
  4109 | D:5      | XOM: give mutations
  4109 | D:5      | Lost mutation: Your tail ends in a poisonous barb. [Xom's
                  | mischief]
  4109 | D:5      | Gained mutation: You tend to lose your temper in combat.
                  | [Xom's mischief]
  4109 | D:5      | Gained mutation: You are weak. (Str -2) [Xom's mischief]
  4109 | D:5      | Lost mutation: You have sharp toenails. [Xom's mischief]
  4165 | D:5      | Reached skill level 5 in Fighting
  4508 | D:5      | XOM: god gift: scroll of teleportation
  4669 | D:5      | Noticed fly's ghost (weakling HuDe)
  4686 | D:5      | Killed fly's ghost
  4786 | D:6      | Reached skill level 7 in Long Blades
  4804 | D:6      | Learned a level 2 spell: Wereblood
  4896 | D:6      | XOM: confuse monster(s)
  4902 | D:6      | XOM: confuse monster(s)
  5085 | D:6      | XOM: god gift: 6 datura-tipped darts
  5109 | D:6      | XOM: enchant monster (good)
  5145 | D:6      | Reached XP level 9. HP: 64/75 MP: 16/16
  5459 | D:6      | XOM: divination: detect items
  5559 | D:7      | XOM: potion effect (berserk rage)
  5564 | D:7      | XOM: cast spell 'Summon Small Mammal'
  5567 | D:7      | XOM: silly message
  5578 | D:7      | XOM: give mutations
  5578 | D:7      | Gained mutation: You have a pair of small horns on your
                  | head. [Xom's grace]
  5578 | D:7      | Gained mutation: You are robust. (+10% HP) [Xom's grace]
  5678 | D:7      | Lost mutation: You are weak. (Str -2) [potion of mutation]
  5678 | D:7      | Gained mutation: You are strong-willed. (Will+) [potion of
                  | mutation]
  5700 | D:7      | XOM: divination: detect creatures
  5772 | D:7      | XOM: cast spell 'Monstrous Menagerie'
  6066 | D:7      | XOM: scenery: 2 doors open
  6320 | D:7      | Reached skill level 8 in Long Blades
  6320 | D:7      | Reached skill level 5 in Dodging
  6529 | D:7      | Found a shadowy altar of Dithmenos.
  7135 | D:8      | XOM: fog
  7208 | D:8      | Found a huge runed translucent gate.
  7208 | D:8      | Found a huge runed translucent gate.
  7208 | D:8      | Found a huge runed translucent gate.
  7208 | D:8      | Found a huge runed translucent gate.
  7208 | D:8      | Noticed a polar bear
  7208 | D:8      | Noticed a death yak
  7208 | D:8      | Noticed a polar bear
  7208 | D:8      | Noticed a manticore
  7208 | D:8      | Noticed a polar bear
  7209 | D:8      | Noticed a polar bear
  7209 | D:8      | Noticed a polar bear
  7240 | D:8      | Noticed Pikel
  7257 | D:8      | Killed Pikel
  7258 | D:8      | Reached skill level 5 in Spellcasting
  7299 | D:8      | XOM: give mutations
  7299 | D:8      | Lost mutation: You are agile. (Dex +2) [Xom's mischief]
  7299 | D:8      | Lost mutation: You are strong-willed. (Will+) [Xom's
                  | mischief]
  7299 | D:8      | Lost mutation: You tend to lose your temper in combat.
                  | [Xom's mischief]
  7299 | D:8      | Gained mutation: Your spells are a little easier to cast,
                  | but a little less powerful. [Xom's mischief]
  7321 | D:8      | XOM: 6-stop teleportation journey
  7355 | D:8      | Noticed a two-headed ogre
  7357 | D:8      | XOM: enchant monster (good)
  7371 | D:8      | XOM: confuse monster(s)
  7388 | D:8      | Killed a two-headed ogre
  7389 | D:8      | Reached skill level 5 in Transmutations
  7389 | D:8      | Reached skill level 5 in Earth Magic
  7389 | D:8      | Reached XP level 10. HP: 68/92 MP: 19/19
  7471 | D:8      | XOM: confuse monster(s)
  7728 | D:9      | Found a flagged portal.
  7737 | Bailey   | Entered a bailey
  7778 | Bailey   | XOM: god gift: 10 gold pieces
  7906 | Bailey   | XOM: smoke on damage
  7993 | Bailey   | XOM: 1-stop teleportation journey
  8036 | Bailey   | XOM: give mutation
  8036 | Bailey   | Gained mutation: You are weak. (Str -2) [Xom's mischief]
  8151 | Bailey   | XOM: stat loss: -1 Int (12/13)
  8153 | Bailey   | XOM: give mutations
  8153 | Bailey   | Lost mutation: You are weak. (Str -2) [Xom's mischief]
  8153 | Bailey   | Gained mutation: You occasionally shout uncontrollably at
                  | your foes. [Xom's mischief]
  8153 | Bailey   | Lost mutation: You are robust. (+10% HP) [Xom's mischief]
  8165 | Bailey   | Noticed an orc knight
  8166 | Bailey   | XOM: confuse monster(s)
  8168 | Bailey   | Reached skill level 1 in Throwing
  8173 | Bailey   | Killed an orc knight
  8181 | Bailey   | Got the Reference Book on Flamy Air
  8183 | Bailey   | Identified the +0 leather armour of Hangman {rN+ Str+4}
  8301 | Bailey   | Upgraded the game from 0.27-a0-1497-gf8f22f7954 to
                  | 0.27-a0-1501-g9d6fb14e67
  8427 | D:9      | XOM: swap monsters
  8438 | D:9      | Found the +4 Cigotuvi's embrace {rMiasma Drain rN+}
  8439 | D:9      | XOM: summons friendly ufetubus
  8448 | D:9      | HP: 4/86 [hellwing (2)]
  8448 | D:9      | Slain by a hellwing

Illustrated notes

Levels and vault maps discovered:
D:1:      sevenhm_arrival_forest_fort_small_1, layout_loops_ring, serial_shops,
          shop_statue, shop, shop
D:2:      layout_basic, hellmonk_ecumenical_altar_slurped_away,
          minmay_goblin_kobold_house
D:3:      layout_loops_ring, mainiacjoe_overflow_tiny_flanked,
          portal_sewer_entry_f, uniq_sigmund
D:4:      layout_rooms, mainiacjoe_overflow_concentric_impassable,
          minmay_temple_entry_antechambers, nicolae_ossuary_entry_giza,
          nicolae_shop_self_help
D:5:      layout_basic, mainiacjoe_overflow_swirl, ebering_ghost_sewer_f,
          roderic_roman_lattice, chequers_serial_rivers_micro_d,
          kennysheep_cluttered_room, uniq_menkaure
D:6:      layout_gridville
D:7:      layout_layer_cave, general_overflow_altar, kennysheep_generic_room_6
D:8:      lemuel_bear_cage, layout_basic, uniq_pikel
D:9:      layout_cross, worldfamousw_hep_ancestral_shrine, enter_bailey_2,
          hellmonk_guarded_unrand_cigotuvi

Skill      XL: |  1  2  3  4  5  6  7  8  9 10 |
---------------+-------------------------------+-----
Spellcasting   | 1 2 3 4 5 |  5.6
Fighting       | 4 5 6 7 |  7.0
Long Blades    | 4 5 6 7 8 |  8.8
Dodging        | 3 4 5 |  5.7
Transmutations | 1 2 3 5 |  5.6
Earth Magic    | 1 2 3 5 |  5.6
Throwing       | 1 |  1.3
Evocations     | |  0.6

Action                   |  1- 3 |  4- 6 |  7- 9 | 10-12 || total
-------------------------+-------+-------+-------+-------++-------
Melee: Falchion          |    93 |   126 |   441 |    63 ||   723
       Tailslap          |    11 |    19 |    74 |    17 ||   121
       Kick              |       |    20 |    29 |       ||    49
       Headbutt          |       |       |    42 |    16 ||    58
Throw: Dart              |       |       |     8 |    16 ||    24
 Cast: Wereblood         |       |       |     4 |       ||     4
 Abil: Breathe Noxious F |       |       |    13 |     5 ||    18
Evoke: Wand              |       |     5 |     3 |     2 ||    10
  Use: Potion            |     2 |     5 |     4 |     3 ||    14
       Scroll            |       |    10 |     7 |     4 ||    21
 Stab: Sleeping          |     3 |       |     1 |     2 ||     6
       Distracted        |     1 |       |       |       ||     1
       Confused          |       |       |     9 |     1 ||    10
Armor: Skin              |    23 |    31 |   135 |    54 ||   243
Dodge: Dodged            |    62 |    83 |   347 |   128 ||   620
       Rpst.: Falchion   |    23 |    30 |    96 |    26 ||   175

Table legend: (Time is in decaauts)
 A = Elapsed time spent in this place.
 B = Non-inter-level travel time spent in this place.
 C = Inter-level travel time spent in this place.
 D = Time resting spent in this place.
 E = Time spent auto-exploring this place.
 F = Levels seen in this place.
 G = Mean time per level.
                   A        B        C        D        E       F      G
               +--------+--------+--------+--------+--------+-----+--------+
         Total |   8520 |   8183 |    337 |    552 |   5618 |  12 |  710.0 |
       Dungeon |   7012 |   6675 |    337 |    229 |   5058 |   9 |  779.1 |
         Sewer |    178 |    178 |      0 |     29 |     70 |   1 |  178.0 |
       Ossuary |    647 |    647 |      0 |    224 |    122 |   1 |  647.0 |
        Bailey |    681 |    681 |      0 |     70 |    368 |   1 |  681.0 |
               +--------+--------+--------+--------+--------+-----+--------+

Top non-repeatable levels by time:
     D:7: 1237 daAuts
     D:5: 1008 daAuts
     D:8: 926 daAuts
     D:1: 856 daAuts
     D:6: 854 daAuts
     D:3: 835 daAuts
     D:4: 800 daAuts
  Bailey: 681 daAuts
 Ossuary: 647 daAuts
     D:2: 459 daAuts
   Sewer: 178 daAuts
     D:9: 33 daAuts
